 Dungeon Crawl Stone Soup version 0.28.0 (webtiles) character file.

Game seed: 14696678105234339862

1 croobank the Grasshopper (level 1, -1/12 HPs)
             Began as a Gargoyle Warper on Feb 10, 2022.
             Slain by a frilled lizard (2 damage)
             ... on level 1 of the Dungeon.
             The game lasted 00:00:35 (111 turns).

croobank the Grasshopper (Gargoyle Warper)           Turns: 111, Time: 00:00:36

Health: -1/12      AC:  5    Str: 14    XL:     1   Next: 20%
Magic:  3/3        EV: 11    Int: 13    God:
Gold:   0          SH:  0    Dex:  9    Spells: 4/4 levels left

rFire   . . .      SeeInvis .   a - +0 mace
rCold   . . .      Faith    .   (no shield)
rNeg    + . .      Spirit   .   b - +0 leather armour
rPois   ∞          Reflect  .   (no helmet)
rElec   +          Harm     .   (no cloak)
rCorr   .          Rampage  .   (no gloves)
Will    .....                   (no boots)
Stlth   +.........              (no amulet)
HPRegen 0.04/turn               (no ring)
MPRegen 0.08/turn               (no ring)

@: no status effects
A: sickness immunity, AC +2, negative energy resistance 1, electricity
resistance, torment resistance 1, petrification resistance
a: no special abilities


You were on level 1 of the Dungeon.
You visited 1 branch of the dungeon, and saw 1 of its levels.

Inventory:

Hand Weapons
 a - a +0 mace (weapon)
Missiles
 d - 5 boomerangs of dispersal (quivered)
Armour
 b - a +0 leather armour (worn)
Potions
 e - a potion of curing {unknown}


   Skills:
 + Level 2.2 Fighting
 + Level 2.0 Maces & Flails
 + Level 0.8 Throwing
 + Level 1.1 Armour
 + Level 1.5 Dodging
 + Level 2.0 Spellcasting
 + Level 2.7 Translocations


You had 4 spell levels left.
You didn't know any spells.
Your spell library contained the following spells:

 Spells                   Type           Power      Damage    Failure   Level
 Blink                    Tloc           16%        N/A       16%         2
 Gell's Gravitas          Tloc           8%         N/A       30%         3
 Lesser Beckoning         Tloc           8%         N/A       30%         3
 Teleport Other           Tloc           8%         N/A       30%         3
 Manifold Assault         Tloc           8%         N/A       96%         5


Dungeon Overview and Level Annotations

Branches:
Dungeon (1/15)

Altars:


Innate Abilities, Weirdness & Mutations

You are immune to sickness and miasma.
Your stone body is resilient. (AC +2)
You are immune to poison.
You resist negative energy. (rN+)
You are resistant to electric shocks. (rElec)
You are resistant to unholy torment.
You are immune to petrification.


Message History

You don't know any spells.
Okay, then.
You open the door.
There is an open door here.
e - a lumpy cyan potion
Found a stone staircase leading down.
There is a stone staircase leading down here.
A bat comes into view.
You hit the bat.
You kill the bat!
Found a leather armour.
An endoplasm comes into view.
The endoplasm quivers.
Found 3 gold pieces.
The endoplasm hits you but does no damage.
You hit the endoplasm but do no damage. The endoplasm freezes you.
You are frozen.
You hit the endoplasm but do no damage. The endoplasm freezes you.
You are frozen.
The endoplasm freezes you.
You are frozen.
* * * LOW HITPOINT WARNING * * *
You hit the endoplasm.
The endoplasm is severely wounded.
The endoplasm freezes you.
You are frozen.
* * * LOW HITPOINT WARNING * * *
You hit the endoplasm.
The endoplasm is almost dead.
The endoplasm closely misses you.
Blink to where?
Press: ? - help, Dir - move target
Found 8 gold pieces.
As you read the scroll of blinking, it crumbles to dust.
A frilled lizard comes into view.
The frilled lizard hisses angrily.
The frilled lizard bites you.
You die...

# #......##.......#.#.#.#$ #
#......##............... #
#...............#J#.#.#. #
#.......#.###........... #
#.......#.###...#.#.#.#. #
#....#.####.............
######.####....#.#.#........#
.........#####.#.......####
....####.......#@......#
..........######l......#
...##.........#......$.#
...##.........##.......#.
...##.........##########.
..............# ..
...##..........
##.##....#..## .............#


You could see an endoplasm and a frilled lizard.

Vanquished Creatures
  A bat (D:1)
1 creature vanquished.

Notes
Turn   | Place    | Note
-------+----------+-------------------------------------------
     0 | D:1      | croobank the Gargoyle Warper began the quest for the Orb.
     0 | D:1      | Reached XP level 1. HP: 12/12 MP: 3/3
   111 | D:1      | Slain by a frilled lizard

Illustrated notes

Levels and vault maps discovered:
D:1:      lemuel_arrival_rhombus, layout_basic, serial_co_window_serial,
          co_window_paths_b, co_window_paths_a, co_window_corner_a,
          co_window_of_opportunity_a, co_window_corner_a,
          co_window_of_opportunity_a, co_window_corner_a, co_window_2corner,
          co_window_unsneaky_path_c, co_window_cross_4,
          co_window_of_opportunity_c, co_window_corner_b, co_window_2corner,
          co_window_paths_e, co_window_paths_d, glass_columns_c

Action                   || total
-------------------------++-------
Melee: Mace              ||     5
  Use: Scroll            ||     1
Armor: Leather armour    ||     1
Dodge: Dodged            ||     1
